 Dungeon Crawl Stone Soup version 0.22.1-1-ga44c0e56f4 (webtiles) character file.

14061 Knicklaso the Severer (level 11, -3/105 HPs)
             Began as a Minotaur Berserker on Sept 30, 2018.
             Was an Elder of Trog.
             Slain by a wyvern (7 damage)
             ... on level 2 of the Lair of Beasts.
             The game lasted 00:25:35 (11031 turns).

Knicklaso the Severer (Minotaur Berserker)         Turns: 11031, Time: 00:25:37

Health: -3/105     AC: 15    Str: 27    XL:     11   Next: 83%
Magic:  10/10      EV:  8    Int:  4    God:    Trog [****..]
Gold:   740        SH:  5    Dex: 13    Spells: 10/10 levels left

rFire    . . .     SeeInvis .   B - +1 war axe (chop)
rCold    . . .     Gourm    .   D - +0 buckler
rNeg     . . .     Faith    .   y - +0 plate armour
rPois    .         Spirit   .   (helmet restricted)
rElec    .         Reflect  .   (no cloak)
rCorr    .         Harm     .   (no gloves)
MR       ++...                  a - +0 pair of boots
Stlth    ..........             (no amulet)
HPRegen  1.27/turn              (no ring)
MPRegen  0.12/turn              (no ring)

@: mighty, berserk cooldown, regenerating, slowed, very slow
A: retaliatory headbutt, horns 2
a: Berserk, Trog's Hand, Brothers in Arms, Renounce Religion


You were on level 2 of the Lair of Beasts.
You worshipped Trog.
Trog was greatly pleased with you.
You were not hungry.

You visited 2 branches of the dungeon, and saw 13 of its levels.

You collected 795 gold pieces.
You spent 55 gold pieces at shops.

Inventory:

Hand Weapons
 B - a +1 war axe of chopping (weapon)
 K - the cursed +3 flail of the Elven Halls {pain, *Rage rC+ Str+5, unknown}
   (You took it off an orc wizard on level 10 of the Dungeon)

   In the hands of one skilled in necromantic magic, it inflicts extra damage on
   living creatures.
   It affects your strength (+5).
   It protects you from cold.
   It may make you go berserk in combat.
   It has a curse placed upon it.
Missiles
 f - 5 tomahawks (quivered)
 i - a throwing net
 p - 3 tomahawks of returning
 H - 5 silver tomahawks
Armour
 a - a +0 pair of boots (worn)
 y - a +0 plate armour (worn)
 D - a +0 buckler (worn)
 E - a +0 shield
Jewellery
 d - a cursed ring of teleportation {unknown}
 g - an uncursed amulet of the acrobat {unknown}
 s - an uncursed amulet of magic regeneration {unknown}
 O - an uncursed ring of protection from magic {unknown}
Wands
 q - a wand of paralysis (10)
 G - a wand of enslavement (16)
 M - a wand of polymorph (16)
 Q - a wand of disintegration (8)
Scrolls
 e - 9 scrolls of teleportation
 j - 6 scrolls of remove curse {unknown}
 k - 2 scrolls of fog {unknown}
 l - 7 scrolls of identify
 m - 3 scrolls of enchant armour {unknown}
 r - 3 scrolls of magic mapping {unknown}
 t - 3 scrolls of blinking {unknown}
 w - 4 scrolls of amnesia {unknown}
 C - a scroll of brand weapon {unknown}
 F - 3 scrolls of fear {unknown}
 I - a scroll of noise {unknown}
 L - a scroll of immolation {unknown}
Potions
 b - 3 potions of might
 h - 2 potions of curing
 n - 4 potions of invisibility {unknown}
 o - 3 potions of brilliance {unknown}
 u - 2 potions of lignification {unknown}
 v - a potion of mutation {unknown}
 x - 2 potions of haste {unknown}
 z - a potion of berserk rage {unknown}
 A - 2 potions of heal wounds {unknown}
 J - a potion of cancellation {unknown}
 N - a potion of resistance {unknown}
Comestibles
 c - 26 rations
 P - 3 chunks of flesh


   Skills:
 + Level 12.3 Fighting
 - Level 16.0 Axes
 + Level 9.8 Armour
 - Level 2.1 Dodging
 - Level 4.2 Shields


You had 10 spell levels left.
You didn't know any spells.
Your spell library was empty.

Dungeon Overview and Level Annotations

Branches:
Dungeon (11/15)            Temple (0/1) D:5            Lair (2/6) D:8
  Swamp: Lair:2-4    Shoals: Lair:2-4     Snake: Lair:2-4    Spider: Lair:2-4
    Orc: D:9-12

Altars:
Cheibriados
Dithmenos
Elyvilon
Fedhas
Gozag
Nemelex Xobeh
Okawaru
Ru
Sif Muna
Trog
Uskayaw
Vehumet
Zin
The Shining One

Shops:
D:5 ?

Annotations:
Lair:1 exclusion: 3 oklob plants
Lair:2 Gastronok


Innate Abilities, Weirdness & Mutations

You reflexively headbutt those who attack you in melee.
You have a pair of horns on your head.


Message History

The wyvern hisses angrily.
Found an escape hatch in the floor.
Gastronok the Ponderous comes into view.
You slash the wyvern! Your headbutt misses the wyvern.
The wyvern is moderately wounded.
The wyvern bites you.
* * * LOW HITPOINT WARNING * * *
The wyvern closely misses you. You furiously retaliate!
You headbutt the wyvern.
You feel better. The wyvern bites you!
* * * LOW HITPOINT WARNING * * *
The wyvern closely misses you.
Your skin crawls.
You feel resistant to hostile enchantments.
You feel quite a bit more hungry. Trog will no longer gift you weapons.
The wyvern bites you.
* * * LOW HITPOINT WARNING * * *
The wyvern bites you!
You die...

# .>.. .h
.....# .h.#
..P...###
..... ......##
...#. ..#..
...P
#..#####.##
###........w
#..#.###.P.
.......###@#
....#l.#.l#..#
.. #....#.
..... ..#.. .#
#..###
..##.##. ###
#.. #. .. #.
#<##


You could see a wyvern.

Vanquished Creatures
  Erica (D:8)
  3 two-headed ogres
  A manticore (D:7)
  The ghost of mys the Sneak, a novice OpVM of Vehumet (D:5)
  A guardian serpent (D:9)
  A spiny frog (Lair:2)
  A komodo dragon (Lair:1)
  A queen bee (D:8)
  A troll (D:10)
  A polar bear (Lair:2)
  8 blink frogs (Lair:1)
  2 hippogriffs
  A wyvern (D:8)
  7 yaks
  A basilisk (Lair:2)
  Edmund (D:6)
  3 water moccasins
  8 porcupines
  2 sky beasts
  2 ice beasts
  2 ogres
  A phantom (D:10)
  3 centaurs
  4 wolves (Lair:2)
  A crocodile (Lair:1)
  2 big kobolds (D:8)
  14 bullfrogs
  4 scorpions
  21 killer bees (D:8)
  A water moccasin skeleton (D:4)
  5 wights (D:3)
  2 howler monkeys (D:8)
  A bullfrog zombie (D:6)
  4 crimson imps
  A quasit (D:7)
  2 orc priests
  6 hounds
  2 jellies
  Jessica (D:2)
  An iguana (D:7)
  3 orc wizards
  12 worker ants
  5 gnolls
  10 adders
  2 shadow imps
  5 oozes
  An adder zombie (D:8)
  2 adder skeletons
  8 worms
  2 dart slugs (D:3)
  5 leopard geckos
  15 orcs
  3 ball pythons
  7 bats
  2 giant cockroaches
  3 goblins
  5 hobgoblins
  14 jackals
  A quokka (D:6)
  5 kobolds
  A leopard gecko skeleton (D:4)
  3 quokka skeletons (D:4)
  6 rats
  A fungus (D:8)
246 creatures vanquished.

Vanquished Creatures (others)
  7 fungi
  2 plants
9 creatures vanquished.

Grand Total: 255 creatures vanquished

Notes
Turn   | Place    | Note
-------+----------+-------------------------------------------
     0 | D:1      | Knicklaso the Minotaur Berserker began the quest for the
                  | Orb.
     0 | D:1      | Reached XP level 1. HP: 19/19 MP: 0/0
   390 | D:1      | Reached skill level 4 in Axes
   405 | D:1      | Reached XP level 2. HP: 27/27 MP: 1/1
   695 | D:1      | Reached XP level 3. HP: 33/33 MP: 2/2
   705 | D:2      | Reached skill level 5 in Axes
   723 | D:2      | Reached XP level 4. HP: 40/41 MP: 3/3
   728 | D:2      | Reached ** piety under Trog
   775 | D:2      | Noticed Jessica
   780 | D:2      | Killed Jessica
  1138 | D:2      | Found a white marble altar of Elyvilon.
  1252 | D:2      | Noticed a moth of wrath
  1255 | D:2      | Found a bloodstained altar of Trog.
  1567 | D:3      | Reached skill level 6 in Axes
  1608 | D:3      | Reached skill level 5 in Fighting
  1608 | D:3      | Reached XP level 5. HP: 28/48 MP: 4/4
  1620 | D:3      | Found a snail-covered altar of Cheibriados.
  1819 | D:3      | Reached skill level 7 in Axes
  1819 | D:3      | Reached XP level 6. HP: 37/56 MP: 5/5
  2163 | D:3      | Found a glowing silver altar of Zin.
  2537 | D:4      | Reached *** piety under Trog
  2595 | D:4      | Reached skill level 8 in Axes
  2671 | D:4      | Noticed a sky beast
  2681 | D:4      | Killed a sky beast
  2681 | D:4      | Reached XP level 7. HP: 46/64 MP: 6/6
  2775 | D:4      | Found a radiant altar of Vehumet.
  3041 | D:4      | Reached skill level 9 in Axes
  3096 | D:4      | Found an iron altar of Okawaru.
  3096 | D:4      | Found a shadowy altar of Dithmenos.
  3220 | D:5      | Entered Level 5 of the Dungeon
  3363 | D:5      | Found Piere's Magic Scroll Shop.
  3370 | D:5      | Bought a scroll of teleportation for 33 gold pieces
  3370 | D:5      | Bought a scroll of identify for 22 gold pieces
  3568 | D:5      | Found a hide-covered altar of Uskayaw.
  3670 | D:5      | Reached XP level 8. HP: 66/73 MP: 7/7
  3718 | D:5      | Found a runed door.
  3719 | D:5      | Noticed mys's ghost (novice OpVM)
  3759 | D:5      | Reached skill level 10 in Axes
  3989 | D:5      | Found a staircase to the Ecumenical Temple.
  4108 | D:5      | Killed mys's ghost
  4316 | D:6      | Reached skill level 11 in Axes
  4388 | D:6      | Found a sacrificial altar of Ru.
  4541 | D:6      | Noticed Edmund
  4550 | D:6      | Killed Edmund
  4556 | D:6      | Reached XP level 9. HP: 42/82 MP: 8/8
  4906 | D:7      | Reached skill level 12 in Axes
  5180 | D:7      | Reached **** piety under Trog
  5185 | D:7      | Noticed a manticore
  5198 | D:7      | Killed a manticore
  5731 | D:7      | Found a blossoming altar of Fedhas.
  5858 | D:8      | Reached skill level 1 in Shields
  5919 | D:8      | Found a glowing golden altar of the Shining One.
  5974 | D:8      | Noticed a queen bee
  5987 | D:8      | Reached skill level 5 in Armour
  6017 | D:8      | Killed a queen bee
  6029 | D:8      | HP: 4/85 [killer bee (3)]
  6032 | D:8      | Reached skill level 13 in Axes
  6526 | D:8      | Reached skill level 10 in Fighting
  6526 | D:8      | Reached XP level 10. HP: 93/93 MP: 9/9
  7022 | D:8      | Noticed a two-headed ogre
  7035 | D:8      | Killed a two-headed ogre
  7079 | D:8      | Noticed Erica
  7089 | D:8      | Killed Erica
  7089 | D:8      | Reached skill level 14 in Axes
  7098 | D:8      | Found a sparkling altar of Nemelex Xobeh.
  7209 | D:8      | Found a staircase to the Lair.
  7724 | D:9      | Noticed a guardian serpent
  7735 | D:9      | Killed a guardian serpent
  8240 | D:9      | Found an opulent altar of Gozag.
  8279 | D:9      | Found a sparkling altar of Nemelex Xobeh.
  8372 | D:9      | Found a deep blue altar of Sif Muna.
  8426 | D:10     | Entered Level 10 of the Dungeon
  8488 | D:10     | Reached XP level 11. HP: 57/102 MP: 10/10
  8808 | D:10     | Noticed a two-headed ogre
  8817 | D:10     | Killed a two-headed ogre
  8877 | D:10     | Got a crude flail {pain}
  8894 | D:10     | Noticed a two-headed ogre
  8902 | D:10     | Killed a two-headed ogre
  8902 | D:10     | Reached skill level 15 in Axes
  9431 | D:11     | Found a blossoming altar of Fedhas.
  9447 | D:11     | Noticed a seven-headed hydra
  9678 | Lair:1   | Entered Level 1 of the Lair of Beasts
 10296 | Lair:1   | Noticed an oklob plant
 10296 | Lair:1   | Noticed an oklob plant
 10296 | Lair:1   | Noticed an oklob plant
 10945 | Lair:2   | Found a glowing golden altar of the Shining One.
 10986 | Lair:2   | Reached skill level 16 in Axes
 11018 | Lair:2   | Reached ***** piety under Trog
 11018 | Lair:2   | HP: 2/105 [wolf (6)]
 11027 | Lair:2   | Noticed Gastronok
 11031 | Lair:2   | HP: 4/105 [wyvern (5)]
 11031 | Lair:2   | Slain by a wyvern

Skill      XL: |  1  2  3  4  5  6  7  8  9 10 11 |
---------------+----------------------------------+-----
Axes           | 4 5 6 7 8 9 11 13 14 16 | 16.0
Fighting       | 4 5 6 7 8 10 11 12 | 12.3
Armour         | 3 5 7 9 |  9.8
Shields        | 3 4 |  4.2
Dodging        | |  2.1

Action                   |  1- 3 |  4- 6 |  7- 9 | 10-12 || total
-------------------------+-------+-------+-------+-------++-------
Melee: Hand axe          |    38 |    57 |       |       ||    95
       Headbutt          |     5 |    25 |    51 |    62 ||   143
       War axe           |       |    58 |   283 |   274 ||   615
Throw: Tomahawk          |       |       |       |     2 ||     2
Invok: Trog's Hand       |       |       |     4 |     3 ||     7
       Berserk           |       |       |     3 |     5 ||     8
Evoke: Wand              |       |       |       |     1 ||     1
  Use: Potion            |       |       |     3 |     3 ||     6
       Scroll            |       |       |       |     1 ||     1
  Eat: Chunk             |       |     5 |    14 |    16 ||    35
       Ration            |       |       |     1 |     1 ||     2
Armor: Ring mail         |    21 |    17 |    53 |       ||    91
       Plate armour      |       |       |   139 |   145 ||   284
Dodge: Dodged            |    35 |    60 |   118 |    90 ||   303
Block: Buckler           |       |       |       |    40 ||    40
